AoeStats
← Yougotmeeshed

Arabia

508301482Analyzed
3v3 RM · 10d ago on Sep 21, 2026· 29m 22s· 6 players
Game mode
Random Map
Map size
Normal (6 player)
Population
200
Speed
Normal
Resources
Standard
Victory
Conquest
Starting age
Dark Age
Ending age
Imperial Age
RankedLock teamsTeams togetherTeam positionsShared explorationLock speedFull tech treeHidden civsTurbo modeCheats
Victory
Defeat
🇳🇴 Ethiopians · Norway
1484
+13
🇬🇧 Magyars · United Kingdom
1464
+14
🇺🇸 Vietnamese · United States
1296
+21
🇧🇷 Aztecs · Brazil
1434
-17
🇨🇴 Ethiopians · Colombia
1407
-16
🇨🇭 Persians · Switzerland
1391
-15
Sun Tzu 1337
6:45 Loom
8:55 Feudal Age
9:22 Double-Bit Axe
11:32 Fletching
12:11 Forging
13:43 Horse Collar
17:50 Wheelbarrow
18:12 Scale Barding Armor
20:15 Bloodlines
20:55 Town Watch
25:30 Castle Age
25:34 Light Cavalry
26:18 Husbandry
Karzul
6:39 Loom
8:44 Feudal Age
16:23 Fletching
24:29 Castle Age
23:17 Double-Bit Axe
23:13 Horse Collar
24:41 Crossbowman
25:19 Bodkin Arrow
25:55 Bow Saw
Saruman 117
7:25 Loom
9:46 Feudal Age
9:52 Man-at-Arms
11:57 Horse Collar
18:09 Fletching
20:05 Wheelbarrow
24:07 Castle Age
24:11 Crossbowman
25:19 Bodkin Arrow
28:50 Padded Archer Armor
Meesh
6:53 Loom
9:33 Feudal Age
9:36 Man-at-Arms
18:41 Fletching
20:28 Double-Bit Axe
20:25 Horse Collar
26:01 Castle Age
24:13 Padded Archer Armor
25:01 Gold Mining
25:59 Wheelbarrow
26:39 Bodkin Arrow
26:26 Crossbowman
27:53 Town Watch
Yougotmeeshed
4:49 Loom
8:47 Feudal Age
9:25 Double-Bit Axe
20:24 Castle Age
18:32 Horse Collar
18:57 Gold Mining
19:21 Fletching
20:28 Padded Archer Armor
21:01 Bodkin Arrow
20:27 Crossbowman
22:56 Ballistics
24:26 Bow Saw
27:38 Wheelbarrow
29:06 Heavy Plow
29:34 Leather Archer Armor
29:26 Thumb Ring
meeshgratorpro
6:22 Loom
8:44 Feudal Age
9:32 Double-Bit Axe
9:49 Horse Collar
16:29 Scale Barding Armor
22:41 Castle Age
21:28 Bloodlines
21:10 Gold Mining
23:13 Wheelbarrow
22:45 Light Cavalry
24:43 Chain Barding Armor
25:50 Husbandry
Connection lost

Rejoining the realm…

Still unreachable

The connection could not be restored.

Session expired

The server has moved on; the page needs a fresh start.